Diables vs Rafales
Created - February 12, 2018 at 19:14
Goals
|
| Diables |
0 |
4 |
0 |
4 |
| Rafales |
3 |
2 |
2 |
7 |
|
Shots
|
| Diables |
6 |
18 |
11 |
35 |
| Rafales |
10 |
11 |
19 |
40 |
|
1st period
1. Rafales , Chris Terry 3 (James Marcou 6, Petr Kalus 2) at 1:18
2. Rafales , Chris Terry 4 (Marc-André Gragnani 14) at 8:42
3. Rafales , Cody McLeod 34 (Mike Zigomanis 34) at 11:25
Penalties :
Nikita Kucherov (Alm) for Hooking (Minor) at 2:13, Connor Murphy (Stf) for Interference (Minor) at 13:16, Pavel Valentenko (Alm) for Hooking (Minor) at 17:18
2nd period
4. Diables , Tobias Rieder 15 (Brandon Prust 37, Tyler Bozak 50) at 1:59 (PP)
5. Rafales , Milan Bartovic 7 (Mike Zigomanis 35, Cody McLeod 44) at 4:06
6. Rafales , Cody McLeod 35 (Marc-André Gragnani 15, Mike Zigomanis 36) at 4:12
7. Diables , Rickard Rakell 13 (Brandon Prust 38) at 7:07
8. Diables , Steve Quailer 12 (Tim Schaller 20, Alexandre Burrows 30) at 10:27
9. Diables , Steve Quailer 13 (Tim Schaller 21) at 18:58
Penalties :
Marc-André Gragnani (Stf) for Hooking (Minor) at 0:27, Carl Klingberg (Stf) for High sticking (Minor) at 16:54, Brandon Burlon (Alm) for Hooking (Minor) at 19:40
3rd period
10. Rafales , Milan Bartovic 8 (Mike Zigomanis 37) at 7:43 (PP)
11. Rafales , Carl Klingberg 15 (Jarret Stoll 21, Mark Fayne 26) at 11:57
Penalties :
Julian Melchiori (Stf) for Holding (Minor) at 2:46, Taylor Beck (Alm) for Hooking (Minor) at 7:41, Marc-André Gragnani (Stf) for Roughing (Minor) at 15:42, Nathan Davis (Stf) for Roughing (Minor) at 18:54
Goalie Stats
Matt Murray (Alm), 9 saves from 13 shots - (0.692), 24:06 minutes
Jean-Francois Berube (Alm), 24 saves from 27 shots - (0.889), L, 17-14-2, 35:54 minutes
Philipp Grubauer (Stf), 31 saves from 35 shots - (0.886), W, 11-4-3, 60:00 minutes
Players Stats for Diables
Player Name G A P +/- PIM S H SB GA TA FO MP PP MP PK MP
------------------------------------------------------------------------------------
Alexandre Burrows 0 1 1 -3 0 0 0 0 0 0 0/2 21:48 5:03 1:51
Brandon Burlon 0 0 0 -1 2 1 2 2 1 2 0/0 22:52 4:31 1:38
Brandon Prust 0 2 2 -2 0 6 1 1 1 0 1/1 18:32 5:20 0:00
Carl Gunnarsson 0 0 0 -1 0 2 0 1 0 0 0/0 24:33 6:02 1:20
Craig Smith 0 0 0 0 0 0 5 0 1 0 0/0 10:05 0:31 3:47
Jon Merrill 0 0 0 0 0 0 1 3 0 1 0/0 27:13 6:02 3:45
Mark Fraser 0 0 0 -2 0 1 0 1 2 0 0/0 18:35 0:00 3:45
Nikita Kucherov 0 0 0 -3 2 3 2 1 0 0 0/0 20:11 5:03 0:00
Olli Maatta 0 0 0 -1 0 1 0 0 0 1 0/0 16:25 4:31 0:00
Pavel Valentenko 0 0 0 -1 2 0 1 1 0 1 0/0 10:48 0:00 1:30
Pierre-Cédric Labrie 0 0 0 0 0 1 0 0 0 0 0/0 5:24 0:00 0:00
Rickard Rakell 1 0 1 -2 0 5 1 0 2 0 8/13 19:13 4:43 1:32
Stefan Matteau 0 0 0 0 0 1 1 0 0 0 0/1 5:24 0:00 0:00
Steve Quailer 2 0 2 2 0 4 0 0 0 0 0/0 9:25 0:00 0:00
Taylor Beck 0 0 0 2 2 1 0 0 0 0 0/0 10:26 0:10 0:52
Tim Schaller 0 2 2 2 0 3 0 1 0 0 3/13 13:49 0:00 3:56
Tobias Rieder 1 0 1 -2 0 4 0 0 0 0 0/1 18:32 5:20 0:00
Tyler Bozak 0 1 1 -3 0 2 1 2 0 0 16/33 20:42 5:29 0:00
Players Stats for Rafales
Player Name G A P +/- PIM S H SB GA TA FO MP PP MP PK MP
------------------------------------------------------------------------------------
Akim Aliu 0 0 0 0 0 0 0 0 0 0 0/0 0:00 0:00 0:00
Ben Thomson 0 0 0 0 0 0 0 0 0 0 0/0 0:00 0:00 0:00
Brian Ferlin 0 0 0 0 0 0 2 1 0 1 0/1 9:24 0:00 0:09
Carl Klingberg 1 0 1 1 2 5 0 0 0 1 0/0 15:40 3:09 0:13
Chris Terry 2 0 2 1 0 3 0 0 0 0 0/0 5:51 0:00 0:00
Cody McLeod 2 1 3 1 0 8 4 0 3 0 1/1 22:21 2:46 3:36
Connor Murphy 0 0 0 0 2 4 0 1 0 0 0/0 25:10 2:04 5:31
Dylan McIlrath 0 0 0 0 0 0 4 1 0 2 0/0 13:05 0:16 2:12
James Marcou 0 1 1 1 0 0 1 0 0 1 0/0 5:51 0:00 0:00
Jarret Stoll 0 1 1 1 0 2 4 1 1 0 5/10 21:16 3:09 5:50
Jayson Megna 0 0 0 0 0 0 0 0 0 0 0/0 0:08 0:04 0:00
Julian Melchiori 0 0 0 -1 2 1 2 1 0 0 0/0 22:58 2:04 3:48
Kevin Veilleux 0 0 0 0 0 0 0 0 0 0 0/0 0:00 0:00 0:00
Maksim Mayorov 0 0 0 0 0 0 0 0 0 0 0/0 0:00 0:00 0:00
Marc-André Gragnani 0 2 2 3 4 2 1 1 0 1 0/0 29:00 3:39 3:19
Mark Fayne 0 1 1 4 0 1 3 1 0 0 0/0 29:39 3:55 6:07
Michael Bournival 0 0 0 0 0 1 3 0 0 0 0/0 9:33 0:00 0:18
Mike Zigomanis 0 4 4 1 0 5 1 0 0 0 20/36 24:25 2:50 5:35
Milan Bartovic 2 0 2 1 0 5 6 0 0 1 0/0 21:13 2:46 2:28
Nathan Davis 0 0 0 0 2 0 0 0 0 0 7/9 9:14 0:00 0:00
Nicklas Jensen 0 0 0 0 0 0 0 0 0 0 0/0 0:00 0:00 0:00
Petr Kalus 0 1 1 1 0 1 0 0 0 0 1/2 5:51 0:00 0:00
Ryan Bourque 0 0 0 0 0 0 0 0 0 0 0/0 1:01 0:04 0:53
Stefan Chaput 0 0 0 0 0 0 0 0 0 0 0/1 2:15 0:00 2:13
Tim Crowder 0 0 0 1 0 2 1 1 1 0 2/4 15:26 3:09 0:00
3 Stars
1 - Cody McLeod (Stf)
2 - Milan Bartovic (Stf)
3 - Mike Zigomanis (Stf)
Power Play
Diables - 1 on 6 Attempt(s) - 16.67%
Rafales - 1 on 4 Attempt(s) - 25.00%
Penalty Kill
Diables - 3 on 4 Attempt(s) - 75.00%
- Score 0 goal in Penalty Kill
Rafales - 5 on 6 Attempt(s) - 83.33%
- Score 0 goal in Penalty Kill
Team Stat
Diables - Hits : 15 - Faceoff Wins : 28 - Blocked Shots : 13 - Penalty Minutes : 8
Rafales - Hits : 32 - Faceoff Wins : 36 - Blocked Shots : 8 - Penalty Minutes : 12
Official
Referees : Hasenfratz Mike and Walkom Stephen
Linesman : Andy McElman and Lyle Seitz
Game Notes
Jean-Francois Berube enters game at 4:06 of 2nd period
Finance
Level 1 -- Attendance: 1425 (71.25%) -- Ticket Income $57,000
Level 2 -- Attendance: 688 (68.80%) -- Ticket Income $13,760
Total Attendance: 2113 (70.43%)
Total Ticket Income: $70,760
Other Income: $3,538
Total Income: $74,298
Diables
5 vs 5 Forward
Center Left Wing Right Wing Time % Phy DF OF
1 Tyler Bozak Alexandre Burrows Nikita Kucherov 40 0 2 3
2 Rickard Rakell Brandon Prust Tobias Rieder 30 1 2 2
3 Tim Schaller Taylor Beck Steve Quailer 20 1 2 2
4 Stefan Matteau Pierre-Cédric Labrie Craig Smith 10 1 2 2
5 vs 5 Defense
Defense Defense Time % Phy DF OF
1 Jon Merrill Brandon Burlon 40 1 2 2
2 Mark Fraser Carl Gunnarsson 30 1 2 2
3 Pavel Valentenko Olli Maatta 20 1 2 2
4 Carl Gunnarsson Olli Maatta 10 1 2 2
PowerPlay Forward
Center Left Wing Right Wing Time % Phy DF OF
1 Tyler Bozak Brandon Prust Tobias Rieder 60 1 2 2
2 Rickard Rakell Alexandre Burrows Nikita Kucherov 40 1 2 2
PowerPlay Defense
Defense Defense Time % Phy DF OF
1 Carl Gunnarsson Jon Merrill 60 1 2 2
2 Olli Maatta Brandon Burlon 40 1 2 2
Penalty Kill 4 Players Forward
Center Wing Time % Phy DF OF
1 Tim Schaller Craig Smith 60 1 2 2
2 Rickard Rakell Alexandre Burrows 40 1 2 2
Penalty Kill 4 Players Defense
Defense Defense Time % Phy DF OF
1 Mark Fraser Jon Merrill 60 1 2 2
2 Pavel Valentenko Brandon Burlon 40 1 2 2
Penalty Kill - 3 Players Forward
Forward Time % Phy DF OF
1 Tim Schaller 60 1 2 2
2 Tyler Bozak 40 1 2 2
Penalty Kill - 3 Players Defense
Defense Defense Time % Phy DF OF
1 Jon Merrill Carl Gunnarsson 60 1 2 2
2 Brandon Burlon Mark Fraser 40 1 2 2
4 vs 4 Forward
Center Wing Time % Phy DF OF
1 Tyler Bozak Alexandre Burrows 60 1 2 2
2 Tim Schaller Nikita Kucherov 40 1 2 2
4 vs 4 Defense
Defense Defense Time % Phy DF OF
1 Jon Merrill Brandon Burlon 60 1 2 2
2 Pavel Valentenko Mark Fraser 40 1 2 2
Last Minutes Offensive
Center Left Wing Right Wing Defense Defense
Tyler Bozak Alexandre Burrows Nikita Kucherov Brandon Burlon Jon Merrill
Last Minutes Defensive
Center Left Wing Right Wing Defense Defense
Tyler Bozak Alexandre Burrows Craig Smith Mark Fraser Jon Merrill
Goaltenders
Starting : Matt Murray
Backup : Jean-Francois Berube
Extra Forwards
Normal : Craig Smith, Nikita Kucherov, Rickard Rakell - PP : Craig Smith, Nikita Kucherov - PK : Taylor Beck
Extra Defensemen
Normal : Brandon Burlon, Carl Gunnarsson, Olli Maatta - PP : Jon Merrill - PK : Brandon Burlon, Carl Gunnarsson
Penalty Shots
Nikita Kucherov, Tyler Bozak, Alexandre Burrows, Craig Smith, Tim Schaller
Scratches
Louis Leblanc (Healthy), Gemel Smith (Healthy), Jamie Oleksiak (Healthy), Matt Lindblad (Healthy), Brian Dumoulin (Healthy)
Christian Thomas (Healthy), Kyle Chipchura (Healthy), Borna Rendulic (Healthy), Adam Clendening (Healthy), Eric Karlsson (Healthy)
Brett Ritchie (Healthy), Blake Coleman (Healthy), Daniel Zaar (Healthy), Andrew O'Brien (Healthy), Keith Seabrook (Healthy)
Marc-André Bourdon (Healthy), Linus Ullmark (Healthy)
Rafales
5 vs 5 Forward
Center Left Wing Right Wing Time % Phy DF OF
1 Mike Zigomanis Cody McLeod Milan Bartovic 40 1 2 2
2 Jarret Stoll Carl Klingberg Tim Crowder 30 1 2 2
3 Nathan Davis Michael Bournival Brian Ferlin 20 1 2 2
4 Petr Kalus Chris Terry James Marcou 10 1 2 2
5 vs 5 Defense
Defense Defense Time % Phy DF OF
1 Marc-André Gragnani Mark Fayne 40 1 2 2
2 Julian Melchiori Connor Murphy 30 1 2 2
3 Dylan McIlrath Marc-André Gragnani 20 1 2 2
4 Mark Fayne Julian Melchiori 10 1 2 2
PowerPlay Forward
Center Left Wing Right Wing Time % Phy DF OF
1 Mike Zigomanis Cody McLeod Milan Bartovic 60 1 2 2
2 Jarret Stoll Carl Klingberg Tim Crowder 40 1 2 2
PowerPlay Defense
Defense Defense Time % Phy DF OF
1 Marc-André Gragnani Mark Fayne 60 1 2 2
2 Julian Melchiori Connor Murphy 40 1 2 2
Penalty Kill 4 Players Forward
Center Wing Time % Phy DF OF
1 Mike Zigomanis Jarret Stoll 60 1 2 2
2 Cody McLeod Milan Bartovic 40 1 2 2
Penalty Kill 4 Players Defense
Defense Defense Time % Phy DF OF
1 Marc-André Gragnani Mark Fayne 60 1 2 2
2 Julian Melchiori Connor Murphy 40 1 2 2
Penalty Kill - 3 Players Forward
Forward Time % Phy DF OF
1 Mike Zigomanis 60 1 2 2
2 Jarret Stoll 40 1 2 2
Penalty Kill - 3 Players Defense
Defense Defense Time % Phy DF OF
1 Marc-André Gragnani Mark Fayne 60 1 2 2
2 Julian Melchiori Connor Murphy 40 1 2 2
4 vs 4 Forward
Center Wing Time % Phy DF OF
1 Mike Zigomanis Jarret Stoll 60 1 2 2
2 Cody McLeod Milan Bartovic 40 1 2 2
4 vs 4 Defense
Defense Defense Time % Phy DF OF
1 Marc-André Gragnani Mark Fayne 60 1 2 2
2 Julian Melchiori Connor Murphy 40 1 2 2
Last Minutes Offensive
Center Left Wing Right Wing Defense Defense
Mike Zigomanis Cody McLeod Milan Bartovic Marc-André Gragnani Mark Fayne
Last Minutes Defensive
Center Left Wing Right Wing Defense Defense
Mike Zigomanis Cody McLeod Milan Bartovic Marc-André Gragnani Mark Fayne
Goaltenders
Starting : Philipp Grubauer
Backup : Leland Irving
Extra Forwards
Normal : Jayson Megna, Ryan Bourque, Stefan Chaput - PP : Jayson Megna, Ryan Bourque - PK : Stefan Chaput
Extra Defensemen
Normal : Dylan McIlrath, Connor Murphy, Marc-André Gragnani - PP : Dylan McIlrath - PK : Connor Murphy, Marc-André Gragnani
Penalty Shots
Mike Zigomanis, Jarret Stoll, Cody McLeod, Milan Bartovic, Nathan Davis
Scratches
Ben Sexton (Healthy), Cedric Paquette (Healthy), Ben Johnson (Healthy), Slater Koekkoek (Healthy), Brad Ross (Healthy)
David Broll (Healthy), Dennis Persson (Healthy), Chris Driedger (Healthy)
% Time on Ice - Diables
Lines # - Real PCT - Wanted PCT - Time Play
Normal Forward
1 - 36% - 40% - 15:46
2 - 30% - 30% - 12:53
3 - 22% - 20% - 9:25
4 - 12% - 10% - 5:24
Normal Defense
1 - 40% - 40% - 17:35
2 - 33% - 30% - 14:18
3 - 21% - 20% - 9:09
4 - 6% - 10% - 2:26
PP Forward
1 - 52% - 60% - 5:30
2 - 48% - 40% - 5:03
PP Defense
1 - 57% - 60% - 6:02
2 - 43% - 40% - 4:31
PK Forward
1 - 77% - 60% - 4:36
2 - 23% - 40% - 1:23
PK Defense
1 - 63% - 60% - 3:45
2 - 37% - 40% - 2:14
PK3 Forward
1 - 0% - 60%
2 - 0% - 40%
PK3 Defense
1 - 0% - 60%
2 - 0% - 40%
44 Forward
1 - 0% - 60%
2 - 0% - 40%
44 Defense
1 - 0% - 60%
2 - 0% - 40%
Last Minute Offensive - 0:00
Last Minute Defensive - 0:00
Total
Forward - 60:00
Defense - 60:00
|
% Time on Ice - Rafales
Lines # - Real PCT - Wanted PCT - Time Play
Normal Forward
1 - 37% - 40% - 16:02
2 - 28% - 30% - 12:20
3 - 21% - 20% - 9:15
4 - 13% - 10% - 5:51
Normal Defense
1 - 35% - 40% - 15:03
2 - 32% - 30% - 13:50
3 - 24% - 20% - 10:34
4 - 9% - 10% - 4:01
PP Forward
1 - 47% - 60% - 2:50
2 - 53% - 40% - 3:09
PP Defense
1 - 65% - 60% - 3:55
2 - 35% - 40% - 2:04
PK Forward
1 - 77% - 60% - 8:05
2 - 23% - 40% - 2:28
PK Defense
1 - 59% - 60% - 6:11
2 - 41% - 40% - 4:22
PK3 Forward
1 - 0% - 60%
2 - 0% - 40%
PK3 Defense
1 - 0% - 60%
2 - 0% - 40%
44 Forward
1 - 0% - 60%
2 - 0% - 40%
44 Defense
1 - 0% - 60%
2 - 0% - 40%
Last Minute Offensive - 0:00
Last Minute Defensive - 0:00
Total
Forward - 60:00
Defense - 60:00
|
Play by Play
1st period
0:01 of 1st period - Mike Zigomanis wins face-off versus Tyler Bozak in neutral zone.
0:15 of 1st period - Jon Merrill is hit by Milan Bartovic and loses puck.
1:18 of 1st period - Snap shot by Chris Terry.
1:18 of 1st period - Goal by Chris Terry - Diables : 0 - Rafales : 1.
1:19 of 1st period - Cody McLeod wins face-off versus Tyler Bozak in neutral zone.
1:28 of 1st period - Slapshot by Mike Zigomanis.
1:28 of 1st period - Stopped by Matt Murray without a rebound.
1:29 of 1st period - Mike Zigomanis wins face-off versus Tyler Bozak in Diables zone.
1:44 of 1st period - Snap shot by Cody McLeod.
1:44 of 1st period - Shot Misses the Net.
1:59 of 1st period - Icing by Olli Maatta.
2:00 of 1st period - Tyler Bozak wins face-off versus Tim Crowder in Diables zone.
2:11 of 1st period - Snap shot by Jarret Stoll.
2:11 of 1st period - Shot Misses the Net.
2:13 of 1st period - Minor Penalty to Nikita Kucherov for Hooking.
2:14 of 1st period - Tim Schaller wins face-off versus Mike Zigomanis in Diables zone.
2:14 of 1st period - Tim Schaller is hit by Milan Bartovic.
4:13 of 1st period - Penalty to Nikita Kucherov is over, Nikita Kucherov is back on ice.
4:20 of 1st period - Off-side.
4:21 of 1st period - Nathan Davis wins face-off versus Alexandre Burrows in neutral zone.
4:24 of 1st period - Tyler Bozak is hit by Dylan McIlrath and loses puck.
5:11 of 1st period - Stefan Matteau is hit by Milan Bartovic and loses puck.
5:17 of 1st period - Off-side.
5:18 of 1st period - Jarret Stoll wins face-off versus Tim Schaller in neutral zone.
5:23 of 1st period - Wrist shot by Jarret Stoll.
5:23 of 1st period - Shot Blocked by Brandon Burlon.
5:25 of 1st period - Snap shot by Jarret Stoll.
5:25 of 1st period - Shot Blocked by Jon Merrill.
5:27 of 1st period - Wrist shot by Tim Crowder.
5:27 of 1st period - Shot Misses the Net.
5:52 of 1st period - Wrist shot by Nikita Kucherov.
5:52 of 1st period - Shot Hit the Post.
6:03 of 1st period - Milan Bartovic is hit by Jon Merrill.
6:21 of 1st period - Wrist shot by Chris Terry.
6:21 of 1st period - Shot Misses the Net.
6:52 of 1st period - Icing by Jon Merrill.
6:53 of 1st period - Rickard Rakell wins face-off versus Tim Crowder in Diables zone.
6:53 of 1st period - Rickard Rakell is hit by Dylan McIlrath.
7:24 of 1st period - Wrist shot by Brandon Prust.
7:24 of 1st period - Stopped by Philipp Grubauer with a rebound.
7:42 of 1st period - Slapshot by Craig Smith.
7:42 of 1st period - Deflect By Stefan Matteau.
7:42 of 1st period - Stopped by Philipp Grubauer with a rebound.
7:59 of 1st period - Pavel Valentenko is hit by Jarret Stoll and loses puck.
8:38 of 1st period - Slapshot by Marc-André Gragnani.
8:38 of 1st period - Stopped by Matt Murray with a rebound.
8:40 of 1st period - Slapshot by Marc-André Gragnani.
8:40 of 1st period - Shot Misses the Net.
8:42 of 1st period - Slapshot by Chris Terry.
8:42 of 1st period - Goal by Chris Terry - Diables : 0 - Rafales : 2.
8:43 of 1st period - Rickard Rakell wins face-off versus Mike Zigomanis in neutral zone.
9:07 of 1st period - Icing by Tobias Rieder.
9:08 of 1st period - Brandon Prust wins face-off versus Jarret Stoll in Diables zone.
9:40 of 1st period - Slapshot by Mike Zigomanis.
9:40 of 1st period - Stopped by Matt Murray with a rebound.
9:42 of 1st period - Backhand shot by Milan Bartovic.
9:42 of 1st period - Stopped by Matt Murray with a rebound.
9:44 of 1st period - Snap shot by Mike Zigomanis.
9:44 of 1st period - Stopped by Matt Murray without a rebound.
9:45 of 1st period - Rickard Rakell wins face-off versus Nathan Davis in Diables zone.
9:54 of 1st period - Slapshot by Brandon Prust.
9:54 of 1st period - Stopped by Philipp Grubauer with a rebound.
9:56 of 1st period - Slapshot by Brandon Burlon.
9:56 of 1st period - Stopped by Philipp Grubauer with a rebound.
10:10 of 1st period - Jon Merrill is hit by Jarret Stoll and loses puck.
10:39 of 1st period - Wrist shot by Taylor Beck.
10:39 of 1st period - Stopped by Philipp Grubauer with a rebound.
11:01 of 1st period - Snap shot by Petr Kalus.
11:01 of 1st period - Stopped by Matt Murray with a rebound.
11:15 of 1st period - Snap shot by Brian Ferlin.
11:15 of 1st period - Deflect By Michael Bournival.
11:15 of 1st period - Shot Blocked by Carl Gunnarsson.
11:15 of 1st period - Puck is out of play.
11:16 of 1st period - Rickard Rakell wins face-off versus Nathan Davis in Diables zone.
11:23 of 1st period - Slapshot by Michael Bournival.
11:23 of 1st period - Stopped by Matt Murray without a rebound.
11:24 of 1st period - Mike Zigomanis wins face-off versus Rickard Rakell in Diables zone.
11:25 of 1st period - Wrist shot by Cody McLeod.
11:25 of 1st period - Goal by Cody McLeod - Diables : 0 - Rafales : 3.
11:26 of 1st period - Tyler Bozak wins face-off versus Mike Zigomanis in neutral zone.
11:51 of 1st period - Brandon Prust is hit by Jarret Stoll and loses puck.
12:18 of 1st period - Mark Fayne is hit by Craig Smith and loses puck.
12:33 of 1st period - Steve Quailer is hit by Michael Bournival and loses puck.
13:16 of 1st period - Minor Penalty to Connor Murphy for Interference.
13:17 of 1st period - Mike Zigomanis wins face-off versus Tyler Bozak in Rafales zone.
14:08 of 1st period - Marc-André Gragnani is hit by Brandon Burlon and loses puck.
15:16 of 1st period - Penalty to Connor Murphy is over, Connor Murphy is back on ice.
15:31 of 1st period - Icing by Michael Bournival.
15:32 of 1st period - Nathan Davis wins face-off versus Stefan Matteau in Rafales zone.
15:49 of 1st period - Michael Bournival is hit by Stefan Matteau and loses puck.
16:24 of 1st period - Wrist shot by Nikita Kucherov.
16:24 of 1st period - Stopped by Philipp Grubauer with a rebound.
16:30 of 1st period - Alexandre Burrows is hit by Dylan McIlrath and loses puck.
16:49 of 1st period - Brandon Prust is hit by Mark Fayne and loses puck.
17:08 of 1st period - Mark Fraser is hit by Brian Ferlin and loses puck.
17:18 of 1st period - Minor Penalty to Pavel Valentenko for Hooking.
17:19 of 1st period - Tim Schaller wins face-off versus Mike Zigomanis in Diables zone.
17:34 of 1st period - Backhand shot by Cody McLeod.
17:34 of 1st period - Shot Misses the Net.
18:00 of 1st period - Snap shot by Jarret Stoll.
18:00 of 1st period - Shot Misses the Net.
19:17 of 1st period - Craig Smith is hit by Mike Zigomanis and loses puck.
19:18 of 1st period - Penalty to Pavel Valentenko is over, Pavel Valentenko is back on ice.
19:33 of 1st period - Tobias Rieder is hit by Dylan McIlrath and loses puck.
Goals for this period are 0 for Diables vs 3 for Rafales.
Shots for this period are 6 for Diables vs 10 for Rafales.
2nd period
0:01 of 2nd period - Mike Zigomanis wins face-off versus Tyler Bozak in neutral zone.
0:18 of 2nd period - Alexandre Burrows is hit by Cody McLeod.
0:27 of 2nd period - Minor Penalty to Marc-André Gragnani for Hooking.
0:28 of 2nd period - Tyler Bozak wins face-off versus Mike Zigomanis in Rafales zone.
0:32 of 2nd period - Slapshot by Tobias Rieder.
0:32 of 2nd period - Shot Blocked by Jarret Stoll.
0:34 of 2nd period - Slapshot by Brandon Prust.
0:34 of 2nd period - Stopped by Philipp Grubauer without a rebound.
0:35 of 2nd period - Tyler Bozak wins face-off versus Mike Zigomanis in Rafales zone.
0:38 of 2nd period - Slapshot by Tyler Bozak.
0:38 of 2nd period - Stopped by Philipp Grubauer with a rebound.
0:40 of 2nd period - Wrist shot by Tyler Bozak.
0:40 of 2nd period - Stopped by Philipp Grubauer with a rebound.
0:42 of 2nd period - Backhand shot by Tyler Bozak.
0:42 of 2nd period - Deflect By Tobias Rieder.
0:42 of 2nd period - Shot Misses the Net.
0:42 of 2nd period - Puck is out of play.
0:43 of 2nd period - Tyler Bozak wins face-off versus Mike Zigomanis in Rafales zone.
1:26 of 2nd period - Slapshot by Brandon Prust.
1:26 of 2nd period - Stopped by Philipp Grubauer without a rebound.
1:27 of 2nd period - Mike Zigomanis wins face-off versus Tyler Bozak in Rafales zone.
1:32 of 2nd period - Olli Maatta is hit by Mark Fayne and loses puck.
1:55 of 2nd period - Slapshot by Rickard Rakell.
1:55 of 2nd period - Stopped by Philipp Grubauer with a rebound.
1:57 of 2nd period - Slapshot by Olli Maatta.
1:57 of 2nd period - Stopped by Philipp Grubauer without a rebound.
1:58 of 2nd period - Tyler Bozak wins face-off versus Mike Zigomanis in Rafales zone.
1:59 of 2nd period - Slapshot by Brandon Prust.
1:59 of 2nd period - Deflect By Tobias Rieder.
1:59 of 2nd period - Goal by Tobias Rieder - Diables : 1 - Rafales : 3.
2:00 of 2nd period - Tyler Bozak wins face-off versus Mike Zigomanis in neutral zone.
2:08 of 2nd period - Slapshot by Mike Zigomanis.
2:08 of 2nd period - Shot Misses the Net.
2:10 of 2nd period - Wrist shot by Milan Bartovic.
2:10 of 2nd period - Shot Blocked by Brandon Burlon.
2:30 of 2nd period - Wrist shot by Brandon Prust.
2:30 of 2nd period - Stopped by Philipp Grubauer with a rebound.
3:29 of 2nd period - Michael Bournival is hit by Nikita Kucherov and loses puck.
3:39 of 2nd period - Snap shot by Nikita Kucherov.
3:39 of 2nd period - Stopped by Philipp Grubauer without a rebound.
3:40 of 2nd period - Mike Zigomanis wins face-off versus Rickard Rakell in Rafales zone.
3:49 of 2nd period - Slapshot by Cody McLeod.
3:49 of 2nd period - Stopped by Matt Murray with a rebound.
3:51 of 2nd period - Snap shot by Cody McLeod.
3:51 of 2nd period - Deflect By Pavel Valentenko.
3:51 of 2nd period - Stopped by Matt Murray without a rebound.
3:52 of 2nd period - Tyler Bozak wins face-off versus Mike Zigomanis in Diables zone.
4:04 of 2nd period - Wrist shot by Mike Zigomanis.
4:04 of 2nd period - Shot Blocked by Tyler Bozak.
4:06 of 2nd period - Slapshot by Milan Bartovic.
4:06 of 2nd period - Goal by Milan Bartovic - Diables : 1 - Rafales : 4.
4:06 of 2nd period - Jean-Francois Berube enters game.
4:07 of 2nd period - Mike Zigomanis wins face-off versus Tyler Bozak in neutral zone.
4:12 of 2nd period - Snap shot by Cody McLeod.
4:12 of 2nd period - Goal by Cody McLeod - Diables : 1 - Rafales : 5.
4:13 of 2nd period - Jarret Stoll wins face-off versus Tyler Bozak in neutral zone.
4:24 of 2nd period - Wrist shot by Tim Crowder.
4:24 of 2nd period - Stopped by Jean-Francois Berube with a rebound.
4:42 of 2nd period - Off-side.
4:43 of 2nd period - Rickard Rakell wins face-off versus Mike Zigomanis in neutral zone.
5:07 of 2nd period - Slapshot by Cody McLeod.
5:07 of 2nd period - Stopped by Jean-Francois Berube with a rebound.
5:19 of 2nd period - Snap shot by Mike Zigomanis.
5:19 of 2nd period - Shot Misses the Net.
5:57 of 2nd period - Slapshot by Mike Zigomanis.
5:57 of 2nd period - Stopped by Jean-Francois Berube with a rebound.
6:21 of 2nd period - Mark Fraser is hit by Cody McLeod and loses puck.
6:48 of 2nd period - Tobias Rieder is hit by Cody McLeod and loses puck.
7:07 of 2nd period - Wrist shot by Rickard Rakell.
7:07 of 2nd period - Goal by Rickard Rakell - Diables : 2 - Rafales : 5.
7:08 of 2nd period - Jarret Stoll wins face-off versus Tyler Bozak in neutral zone.
7:41 of 2nd period - Off-side.
7:42 of 2nd period - Tyler Bozak wins face-off versus Jarret Stoll in neutral zone.
7:54 of 2nd period - Wrist shot by Carl Klingberg.
7:54 of 2nd period - Shot Blocked by Pavel Valentenko.
8:00 of 2nd period - Marc-André Gragnani is hit by Pavel Valentenko and loses puck.
8:19 of 2nd period - Slapshot by Steve Quailer.
8:19 of 2nd period - Shot Blocked by Brian Ferlin.
9:02 of 2nd period - Tim Crowder is hit by Tyler Bozak and loses puck.
9:17 of 2nd period - Wrist shot by Steve Quailer.
9:17 of 2nd period - Stopped by Philipp Grubauer with a rebound.
9:19 of 2nd period - Snap shot by Tim Schaller.
9:19 of 2nd period - Deflect By Steve Quailer.
9:19 of 2nd period - Shot Blocked by Dylan McIlrath.
9:19 of 2nd period - Puck is out of play.
9:20 of 2nd period - Nathan Davis wins face-off versus Tim Schaller in Rafales zone.
9:52 of 2nd period - Wrist shot by Pierre-Cédric Labrie.
9:52 of 2nd period - Stopped by Philipp Grubauer without a rebound.
9:53 of 2nd period - Tim Crowder wins face-off versus Tyler Bozak in Rafales zone.
10:27 of 2nd period - Snap shot by Steve Quailer.
10:27 of 2nd period - Goal by Steve Quailer - Diables : 3 - Rafales : 5.
10:28 of 2nd period - Tyler Bozak wins face-off versus Jarret Stoll in neutral zone.
10:53 of 2nd period - Mark Fayne is hit by Rickard Rakell and loses puck.
11:14 of 2nd period - Taylor Beck is hit by Brian Ferlin.
12:39 of 2nd period - Icing by Tobias Rieder.
12:40 of 2nd period - Nathan Davis wins face-off versus Rickard Rakell in Diables zone.
12:41 of 2nd period - Wrist shot by Michael Bournival.
12:41 of 2nd period - Shot Misses the Net.
12:47 of 2nd period - Brandon Burlon is hit by Jarret Stoll.
12:48 of 2nd period - Icing by Brandon Burlon.
12:49 of 2nd period - Rickard Rakell wins face-off versus Jarret Stoll in Diables zone.
13:16 of 2nd period - Snap shot by Rickard Rakell.
13:16 of 2nd period - Shot Blocked by Julian Melchiori.
13:35 of 2nd period - Snap shot by Rickard Rakell.
13:35 of 2nd period - Shot Misses the Net.
13:37 of 2nd period - Snap shot by Rickard Rakell.
13:37 of 2nd period - Stopped by Philipp Grubauer with a rebound.
13:39 of 2nd period - Slapshot by Jon Merrill.
13:39 of 2nd period - Shot Blocked by Connor Murphy.
13:41 of 2nd period - Slapshot by Brandon Prust.
13:41 of 2nd period - Shot Blocked by Tim Crowder.
13:43 of 2nd period - Snap shot by Tobias Rieder.
13:43 of 2nd period - Stopped by Philipp Grubauer without a rebound.
13:44 of 2nd period - Mike Zigomanis wins face-off versus Tyler Bozak in Rafales zone.
14:42 of 2nd period - Petr Kalus is hit by Craig Smith.
14:45 of 2nd period - Off-side.
14:46 of 2nd period - Tyler Bozak wins face-off versus Mike Zigomanis in neutral zone.
14:59 of 2nd period - Snap shot by Mike Zigomanis.
14:59 of 2nd period - Stopped by Jean-Francois Berube without a rebound.
15:00 of 2nd period - Tyler Bozak wins face-off versus Jarret Stoll in Diables zone.
15:00 of 2nd period - Tyler Bozak is hit by Julian Melchiori.
15:36 of 2nd period - Icing by Cody McLeod.
15:37 of 2nd period - Mike Zigomanis wins face-off versus Tim Schaller in Rafales zone.
15:46 of 2nd period - Carl Gunnarsson is hit by Milan Bartovic.
16:25 of 2nd period - Snap shot by Milan Bartovic.
16:25 of 2nd period - Stopped by Jean-Francois Berube with a rebound.
16:41 of 2nd period - Snap shot by Tobias Rieder.
16:41 of 2nd period - Shot Blocked by Marc-André Gragnani.
16:43 of 2nd period - Wrist shot by Carl Gunnarsson.
16:43 of 2nd period - Shot Misses the Net.
16:45 of 2nd period - Wrist shot by Brandon Prust.
16:45 of 2nd period - Deflect By Tobias Rieder.
16:45 of 2nd period - Stopped by Philipp Grubauer with a rebound.
16:47 of 2nd period - Slapshot by Carl Gunnarsson.
16:47 of 2nd period - Shot Misses the Net.
16:49 of 2nd period - Slapshot by Tobias Rieder.
16:49 of 2nd period - Shot Misses the Net.
16:51 of 2nd period - Slapshot by Mark Fraser.
16:51 of 2nd period - Stopped by Philipp Grubauer without a rebound.
16:52 of 2nd period - Jarret Stoll wins face-off versus Tyler Bozak in Rafales zone.
16:54 of 2nd period - Minor Penalty to Carl Klingberg for High sticking.
16:55 of 2nd period - Rickard Rakell wins face-off versus Mike Zigomanis in Rafales zone.
17:05 of 2nd period - Snap shot by Jarret Stoll.
17:05 of 2nd period - Stopped by Jean-Francois Berube with a rebound.
18:30 of 2nd period - Craig Smith is hit by Michael Bournival and loses puck.
18:54 of 2nd period - Penalty to Carl Klingberg is over, Carl Klingberg is back on ice.
18:56 of 2nd period - Icing by Connor Murphy.
18:57 of 2nd period - Tim Schaller wins face-off versus Petr Kalus in Rafales zone.
18:58 of 2nd period - Wrist shot by Steve Quailer.
18:58 of 2nd period - Goal by Steve Quailer - Diables : 4 - Rafales : 5.
18:59 of 2nd period - Jarret Stoll wins face-off versus Tyler Bozak in neutral zone.
19:25 of 2nd period - Taylor Beck is hit by Marc-André Gragnani and loses puck.
19:36 of 2nd period - Steve Quailer is hit by Milan Bartovic.
19:40 of 2nd period - Minor Penalty to Brandon Burlon for Hooking.
19:41 of 2nd period - Mike Zigomanis wins face-off versus Tim Schaller in Diables zone.
19:42 of 2nd period - Wrist shot by Cody McLeod.
19:42 of 2nd period - Stopped by Jean-Francois Berube without a rebound.
19:43 of 2nd period - Mike Zigomanis wins face-off versus Tim Schaller in Diables zone.
Goals for this period are 4 for Diables vs 2 for Rafales.
Shots for this period are 18 for Diables vs 11 for Rafales.
3rd period
0:01 of 3rd period - Mike Zigomanis wins face-off versus Tim Schaller in neutral zone.
0:33 of 3rd period - Icing by Carl Klingberg.
0:34 of 3rd period - Tim Crowder wins face-off versus Rickard Rakell in Rafales zone.
1:09 of 3rd period - Tim Schaller is hit by Tim Crowder and loses puck.
1:16 of 3rd period - Snap shot by Carl Klingberg.
1:16 of 3rd period - Stopped by Jean-Francois Berube with a rebound.
1:20 of 3rd period - Wrist shot by Jarret Stoll.
1:20 of 3rd period - Shot Blocked by Tim Schaller.
1:22 of 3rd period - Wrist shot by Jarret Stoll.
1:22 of 3rd period - Shot Misses the Net.
1:24 of 3rd period - Snap shot by Tim Crowder.
1:24 of 3rd period - Shot Misses the Net.
1:26 of 3rd period - Slapshot by Mark Fayne.
1:26 of 3rd period - Stopped by Jean-Francois Berube with a rebound.
1:28 of 3rd period - Slapshot by Marc-André Gragnani.
1:28 of 3rd period - Shot Blocked by Jon Merrill.
1:30 of 3rd period - Snap shot by Jarret Stoll.
1:30 of 3rd period - Shot Blocked by Mark Fraser.
1:40 of 3rd period - Penalty to Brandon Burlon is over, Brandon Burlon is back on ice.
1:40 of 3rd period - Snap shot by Carl Klingberg.
1:40 of 3rd period - Deflect By Tim Crowder.
1:40 of 3rd period - Stopped by Jean-Francois Berube with a rebound.
1:42 of 3rd period - Slapshot by Marc-André Gragnani.
1:42 of 3rd period - Stopped by Jean-Francois Berube with a rebound.
2:02 of 3rd period - Slapshot by Tim Schaller.
2:02 of 3rd period - Deflect By Mark Fayne.
2:02 of 3rd period - Stopped by Philipp Grubauer without a rebound.
2:03 of 3rd period - Mike Zigomanis wins face-off versus Alexandre Burrows in Rafales zone.
2:19 of 3rd period - Off-side.
2:20 of 3rd period - Nathan Davis wins face-off versus Tobias Rieder in neutral zone.
2:23 of 3rd period - Snap shot by Connor Murphy.
2:23 of 3rd period - Stopped by Jean-Francois Berube with a rebound.
2:46 of 3rd period - Minor Penalty to Julian Melchiori for Holding.
2:47 of 3rd period - Tyler Bozak wins face-off versus Mike Zigomanis in Rafales zone.
3:17 of 3rd period - Snap shot by Alexandre Burrows.
3:17 of 3rd period - Deflect By Nikita Kucherov.
3:17 of 3rd period - Stopped by Philipp Grubauer with a rebound.
3:54 of 3rd period - Icing by Tobias Rieder.
3:55 of 3rd period - Tyler Bozak wins face-off versus Stefan Chaput in Diables zone.
4:17 of 3rd period - Marc-André Gragnani is hit by Nikita Kucherov and loses puck.
4:46 of 3rd period - Penalty to Julian Melchiori is over, Julian Melchiori is back on ice.
4:48 of 3rd period - Off-side.
4:49 of 3rd period - Nathan Davis wins face-off versus Tim Schaller in neutral zone.
5:04 of 3rd period - Taylor Beck is hit by Michael Bournival and loses puck.
5:15 of 3rd period - Mark Fayne is hit by Craig Smith and loses puck.
5:42 of 3rd period - Snap shot by Cody McLeod.
5:42 of 3rd period - Stopped by Jean-Francois Berube without a rebound.
5:43 of 3rd period - Tyler Bozak wins face-off versus Mike Zigomanis in Diables zone.
5:56 of 3rd period - Wrist shot by Tyler Bozak.
5:56 of 3rd period - Shot Misses the Net.
6:15 of 3rd period - Snap shot by Carl Klingberg.
6:15 of 3rd period - Shot Misses the Net.
6:31 of 3rd period - Snap shot by Pierre-Cédric Labrie.
6:31 of 3rd period - Shot Hit the Post.
6:53 of 3rd period - Snap shot by Brandon Prust.
6:53 of 3rd period - Stopped by Philipp Grubauer with a rebound.
6:55 of 3rd period - Snap shot by Rickard Rakell.
6:55 of 3rd period - Stopped by Philipp Grubauer with a rebound.
6:57 of 3rd period - Wrist shot by Rickard Rakell.
6:57 of 3rd period - Stopped by Philipp Grubauer with a rebound.
6:59 of 3rd period - Wrist shot by Tobias Rieder.
6:59 of 3rd period - Stopped by Philipp Grubauer with a rebound.
7:41 of 3rd period - Minor Penalty to Taylor Beck for Hooking.
7:42 of 3rd period - Mike Zigomanis wins face-off versus Tim Schaller in Diables zone.
7:43 of 3rd period - Wrist shot by Milan Bartovic.
7:43 of 3rd period - Goal by Milan Bartovic - Diables : 4 - Rafales : 6.
7:44 of 3rd period - Mike Zigomanis wins face-off versus Tyler Bozak in neutral zone.
8:09 of 3rd period - Jarret Stoll is hit by Brandon Burlon and loses puck.
8:32 of 3rd period - Slapshot by Steve Quailer.
8:32 of 3rd period - Stopped by Philipp Grubauer with a rebound.
8:34 of 3rd period - Snap shot by Tim Schaller.
8:34 of 3rd period - Stopped by Philipp Grubauer without a rebound.
8:35 of 3rd period - Tyler Bozak wins face-off versus Brian Ferlin in Rafales zone.
9:46 of 3rd period - Mark Fraser is hit by James Marcou and loses puck.
10:15 of 3rd period - Mark Fraser is hit by Milan Bartovic and loses puck.
10:26 of 3rd period - Carl Gunnarsson is hit by Julian Melchiori and loses puck.
10:33 of 3rd period - Wrist shot by Nathan Davis.
10:33 of 3rd period - Shot Misses the Net.
11:00 of 3rd period - Wrist shot by Tyler Bozak.
11:00 of 3rd period - Shot Blocked by Mark Fayne.
11:06 of 3rd period - Slapshot by Connor Murphy.
11:06 of 3rd period - Stopped by Jean-Francois Berube with a rebound.
11:08 of 3rd period - Wrist shot by Connor Murphy.
11:08 of 3rd period - Stopped by Jean-Francois Berube with a rebound.
11:10 of 3rd period - Wrist shot by Tim Crowder.
11:10 of 3rd period - Shot Misses the Net.
11:18 of 3rd period - Wrist shot by Carl Klingberg.
11:18 of 3rd period - Shot Misses the Net.
11:37 of 3rd period - Slapshot by Tim Crowder.
11:37 of 3rd period - Shot Misses the Net.
11:39 of 3rd period - Wrist shot by Jarret Stoll.
11:39 of 3rd period - Shot Blocked by Tyler Bozak.
11:41 of 3rd period - Slapshot by Mark Fayne.
11:41 of 3rd period - Shot Misses the Net.
11:43 of 3rd period - Snap shot by Carl Klingberg.
11:43 of 3rd period - Shot Misses the Net.
11:45 of 3rd period - Wrist shot by Carl Klingberg.
11:45 of 3rd period - Stopped by Jean-Francois Berube with a rebound.
11:47 of 3rd period - Wrist shot by Carl Klingberg.
11:47 of 3rd period - Stopped by Jean-Francois Berube with a rebound.
11:49 of 3rd period - Wrist shot by Jarret Stoll.
11:49 of 3rd period - Stopped by Jean-Francois Berube with a rebound.
11:51 of 3rd period - Wrist shot by Jarret Stoll.
11:51 of 3rd period - Shot Misses the Net.
11:53 of 3rd period - Wrist shot by Carl Klingberg.
11:53 of 3rd period - Stopped by Jean-Francois Berube with a rebound.
11:55 of 3rd period - Wrist shot by Jarret Stoll.
11:55 of 3rd period - Shot Blocked by Nikita Kucherov.
11:57 of 3rd period - Wrist shot by Carl Klingberg.
11:57 of 3rd period - Goal by Carl Klingberg - Diables : 4 - Rafales : 7.
11:58 of 3rd period - Mike Zigomanis wins face-off versus Rickard Rakell in neutral zone.
12:25 of 3rd period - Icing by Steve Quailer.
12:26 of 3rd period - Petr Kalus wins face-off versus Tim Schaller in Diables zone.
12:29 of 3rd period - Slapshot by Chris Terry.
12:29 of 3rd period - Stopped by Jean-Francois Berube with a rebound.
12:39 of 3rd period - Wrist shot by Tim Schaller.
12:39 of 3rd period - Stopped by Philipp Grubauer with a rebound.
13:00 of 3rd period - Snap shot by Cody McLeod.
13:00 of 3rd period - Stopped by Jean-Francois Berube without a rebound.
13:01 of 3rd period - Mike Zigomanis wins face-off versus Tim Schaller in Diables zone.
13:04 of 3rd period - Slapshot by Cody McLeod.
13:04 of 3rd period - Shot Misses the Net.
14:53 of 3rd period - Slapshot by Connor Murphy.
14:53 of 3rd period - Shot Blocked by Brandon Prust.
14:55 of 3rd period - Slapshot by Connor Murphy.
14:55 of 3rd period - Stopped by Jean-Francois Berube with a rebound.
14:57 of 3rd period - Snap shot by Michael Bournival.
14:57 of 3rd period - Deflect By Brandon Burlon.
14:57 of 3rd period - Shot Misses the Net.
14:57 of 3rd period - Puck is out of play.
14:58 of 3rd period - Nathan Davis wins face-off versus Tyler Bozak in Diables zone.
15:01 of 3rd period - Slapshot by Michael Bournival.
15:01 of 3rd period - Shot Misses the Net.
15:42 of 3rd period - Minor Penalty to Marc-André Gragnani for Roughing.
15:43 of 3rd period - Mike Zigomanis wins face-off versus Tyler Bozak in Rafales zone.
15:43 of 3rd period - Mike Zigomanis is hit by Brandon Prust.
16:09 of 3rd period - Jon Merrill is hit by Cody McLeod.
17:42 of 3rd period - Penalty to Marc-André Gragnani is over, Marc-André Gragnani is back on ice.
17:58 of 3rd period - Wrist shot by Brian Ferlin.
17:58 of 3rd period - Shot Blocked by Jon Merrill.
18:35 of 3rd period - Tim Crowder is hit by Craig Smith.
18:39 of 3rd period - Marc-André Gragnani is hit by Craig Smith.
18:54 of 3rd period - Minor Penalty to Nathan Davis for Roughing.
18:55 of 3rd period - Rickard Rakell wins face-off versus Mike Zigomanis in Rafales zone.
19:29 of 3rd period - Snap shot by Milan Bartovic.
19:29 of 3rd period - Stopped by Jean-Francois Berube with a rebound.
19:31 of 3rd period - Wrist shot by Milan Bartovic.
19:31 of 3rd period - Shot Misses the Net.
19:33 of 3rd period - Slapshot by Julian Melchiori.
19:33 of 3rd period - Stopped by Jean-Francois Berube without a rebound.
19:34 of 3rd period - Mike Zigomanis wins face-off versus Tyler Bozak in Diables zone.
19:47 of 3rd period - Slapshot by Carl Gunnarsson.
19:47 of 3rd period - Stopped by Philipp Grubauer with a rebound.
19:49 of 3rd period - Slapshot by Carl Gunnarsson.
19:49 of 3rd period - Stopped by Philipp Grubauer with a rebound.
19:59 of 3rd period - Nikita Kucherov is hit by Mark Fayne and loses puck.
Goals for this period are 0 for Diables vs 2 for Rafales.
Shots for this period are 11 for Diables vs 19 for Rafales.
Back to the Top